 Dungeon Crawl Stone Soup version 0.31-a0-845-g9abc20d24f (webtiles) character file.

Game seed: 12937130392725379410

1385 wvc the Carver (level 8, 0/56 HPs)
             Began as a Merfolk Gladiator on Oct 1, 2023.
             Slain by a black bear (11 damage)
             ... on level 6 of the Dungeon.
             The game lasted 00:18:31 (6208 turns).

wvc the Carver (Merfolk Gladiator)                  Turns: 6208, Time: 00:18:31

Health: 0/56       AC:  4    Str: 15    XL:     8   Next: 67%
Magic:  13/13      EV: 14    Int:  9    God:
Gold:   605        SH:  0    Dex: 21    Spells: 11/14 levels left

rFire   . . .        a - +0 long sword
rCold   . . .        (no shield)
rNeg    . . .        b - +0 leather armour
rPois   .            x - +0 helmet
rElec   .            (no cloak)
rCorr   .            (no gloves)
SInv    .            (no boots)
Will    .....        (no amulet)
Stlth   ++           u - +6 ring of dexterity
HPRegen 0.29/turn    (no ring)
MPRegen 0.13/turn

%: no passive effects
@: no status effects
A: (nimble swimmer 2), mertail
a: no special abilities


You were on level 6 of the Dungeon.
You visited 1 branch of the dungeon, and saw 6 of its levels.

You collected 605 gold pieces.

Inventory:

Hand Weapons
 a - a +0 long sword (weapon)
 t - a +1 great sword
 y - a +2 heavy spear
 z - a +1 short sword of draining
Missiles
 d - a throwing net (quivered)
 e - a javelin
Armour
 b - a +0 leather armour (worn)
 c - a +0 helmet
 x - a +0 helmet (worn)
Jewellery
 u - a +6 ring of dexterity (left hand)
Talismans
 k - a blade talisman
Scrolls
 f - a scroll of identify
 o - a scroll of poison
 r - a scroll of teleportation
Potions
 g - a potion of magic
 h - 2 potions of haste
 i - 3 potions of curing
 m - 2 potions of enlightenment
 n - a potion of resistance {unknown}
 p - a potion of cancellation {unknown}
 q - 2 potions of brilliance
 s - a potion of berserk rage {unknown}


   Skills:
 - Level 2.1 Fighting
 + Level 9.4 Long Blades
 - Level 2.0 Throwing
 - Level 4.0 Dodging
 - Level 3.9 Spellcasting
 - Level 5.0 Transmutations
 + Level 4.3 Poison Magic


You had 11 spell levels left.
You knew the following spells:

 Your Spells              Type           Power      Damage    Failure   Level
a - Sting                 Tmut/Pois      40%        1d5       4%          1
b - Blink                 Tloc           2%         N/A       45%         2

Your spell library contained the following spells:

 Spells                   Type           Power      Damage    Failure   Level
 Poisonous Vapours        Pois/Air       10%        N/A       22%         2
 Lesser Beckoning         Tloc           2%         N/A       45%         2
 Momentum Strike          Conj/Tloc      2%         3d8       45%         2
 Olgreb's Toxic Radiance  Pois           9%         N/A       50%         4


Dungeon Overview and Level Annotations

Branches:
Dungeon (6/15)
 Temple: D:4-7

Altars:
Dithmenos
Gozag
Makhleb
Qazlal
Wu Jian

Shops:
D:1 *


Innate Abilities, Weirdness & Mutations

((You are very nimble when in or above water. (Stealth+, EV+, Speed+++)))
Your lower body shifts to a powerful aquatic tail in water.


Message History

You feel less confused. The hound closely misses you. The black bear bites you.
The black bear closely misses you. x2; The hound bites you but does no damage.
You barely miss the black bear.
The black bear is almost dead.
The black bear completely misses you. The black bear closely misses you.
The black bear claws you. The hound bites you but does no damage.
The black bear misses you. The black bear claws you. The black bear misses you.
You slash the black bear!
You kill the black bear!
The hound pauses to sniff the ground.
The hound closely misses you. The hound bites you.
Things that are here:
a black bear corpse; an adder corpse You barely miss the hound.
The hound is lightly wounded.
The hound bites you but does no damage. The hound barely misses you.
You closely miss the hound. The hound bites you but does no damage.
You barely miss the hound. The hound bites you.
You slash the hound!
The hound is heavily wounded.
The hound bites you but does no damage. The hound closely misses you.
The hound bites you.
* * * LOW HITPOINT WARNING * * *
The hound closely misses you.
Casting: Sting (safe; 4% risk of failure)
Confirm with . or Enter, or press ? or * to list all spells.
You don't know that spell.
You hit the black bear.
The black bear is almost dead.
You barely miss the black bear.
The black bear is almost dead.
The black bear closely misses you. x2; The black bear barely misses you.
The black bear closely misses you. The black bear barely misses you.
The black bear claws you.
* * * LOW HITPOINT WARNING * * *
You hit the black bear.
The black bear is almost dead.
The black bear bites you!
You die...

...####))...####
......).[......#
...####.....##.#
....<..>.....# #
####).#.######.#
#...........###
#.##.###<.....#
#.##.# ####.#.#
#@##.# # #h##.#
#######h##.#
#.....#.##.#
#####....)#.##.#
#.).........# ..
#.###########
.h.###.##
###..h..#######


You could see a black bear (berserk) and a hound.

Vanquished Creatures
  Menkaure (D:5)
  4 black bears
  An ogre (D:5)
  A phantom (D:5)
  2 scorpions (D:4)
  2 howler monkeys
  A jelly (D:4)
  An orc priest (D:5)
  A gnoll bouda (D:5)
  A sleepcap (D:4)
  An orc wizard (D:4)
  13 gnolls (D:5)
  9 adders
  2 ufetubi (D:5)
  4 worms
  3 dart slugs
  16 orcs
  3 ball pythons
  8 endoplasms
  2 giant cockroaches
  24 hobgoblins
  6 jackals
  13 kobolds
  3 quokkas
  7 bats
  3 frilled lizards
  41 goblins
  A rat (D:1)
174 creatures vanquished.

Notes
Turn   | Place    | Note
-------+----------+-------------------------------------------
     0 | D:1      | wvc the Merfolk Gladiator began the quest for the Orb.
     0 | D:1      | Reached XP level 1. HP: 16/16 MP: 1/1
    22 | D:1      | Found Muderuj's General Store.
   169 | D:1      | Reached skill level 1 in Spellcasting
   186 | D:1      | Learned a level 1 spell: Sting
   217 | D:1      | Reached XP level 2. HP: 22/22 MP: 3/3
   346 | D:1      | Found a faded altar of an unknown god.
   361 | D:1      | Reached skill level 1 in Transmutations
   478 | D:1      | Reached skill level 1 in Poison Magic
   940 | D:2      | Reached XP level 3. HP: 25/27 MP: 5/5
  1355 | D:2      | Reached XP level 4. HP: 17/33 MP: 6/6
  1778 | D:3      | Found an opulent altar of Gozag.
  1996 | D:3      | Found a burning altar of Makhleb.
  2096 | D:3      | You fall into a shaft and drop 1 floor!
  2292 | D:3      | Reached XP level 5. HP: 38/38 MP: 8/8
  2579 | D:4      | Reached XP level 6. HP: 24/44 MP: 6/10
  2719 | D:4      | HP: 2/44 [worm (3)]
  3627 | D:5      | Entered Level 5 of the Dungeon
  3671 | D:5      | Noticed Menkaure
  3693 | D:4      | HP: 1/44 [something (4)]
  4038 | D:5      | Killed Menkaure
  4039 | D:5      | Reached XP level 7. HP: 33/50 MP: 12/12
  4144 | D:5      | Found a stormy altar of Qazlal.
  4159 | D:5      | Reached skill level 4 in Long Blades
  4366 | D:5      | Reached skill level 5 in Long Blades
  4449 | D:5      | Found an ornate altar of the Wu Jian Council.
  4516 | D:5      | Reached skill level 6 in Long Blades
  4626 | D:5      | Found a shadowy altar of Dithmenos.
  4752 | D:5      | Reached skill level 7 in Long Blades
  4752 | D:5      | Reached XP level 8. HP: 53/56 MP: 13/13
  5500 | D:5      | Reached skill level 8 in Long Blades
  5986 | D:5      | Learned a level 2 spell: Blink
  6118 | D:6      | Reached skill level 5 in Transmutations
  6169 | D:6      | Reached skill level 9 in Long Blades
  6208 | D:6      | Slain by a black bear

Illustrated notes

Levels and vault maps discovered:
D:1:      noname_arrival_rooms_in_the_neighbourhood, layout_basic,
          hellmonk_ecumenical_altar_arch_garden, serial_shops, shop
D:2:      layout_basic, minivault_26, roderic_serpentine_path,
          minmay_gold_behind_fungi, minmay_misc_feat_nine_boxes,
          minmay_fractal_squares_gapless_5
D:3:      layout_loops_cross, bloody_makhleb,
          mainiacjoe_overflow_six_doors_small, serial_glass, glass_columns_b,
          glass_columns_a, glass_columns_b, glass_columns_c, glass_columns_a,
          glass_columns_b
D:4:      layout_cave_pods
D:5:      minmay_goblin_kobold_castle, layout_cave_pools,
          nicolae_qazlal_scattered_showers, grunt_dithmenos_smoke,
          mainiacjoe_overflow_surrounded_room, uniq_menkaure
D:6:      layout_basic, minmay_temple_entry_trees, portal_sewer_entry_e,
          hangedman_abyss_or_decor_slice, uniq_pikel

Skill      XL: |  1  2  3  4  5  6  7  8 |
---------------+-------------------------+-----
Spellcasting   | 1 2 3 |  3.9
Transmutations | 1 2 3 4 5 |  5.0
Poison Magic   | 1 2 3 4 |  4.3
Long Blades    | 7 9 |  9.4
Fighting       | |  2.1
Throwing       | |  2.0
Dodging        | |  4.0

Action                     |  1- 3 |  4- 6 |  7- 9 || total
---------------------------+-------+-------+-------++-------
  Melee: Long sword        |   124 |   143 |   190 ||   457
         Punch             |       |       |     4 ||     4
         Tailslap          |       |       |     2 ||     2
  Throw: Throwing net      |       |     2 |     1 ||     3
   Cast: Sting             |     1 |     3 |    56 ||    60
    Use: Potion            |       |     1 |     1 ||     2
         Scroll            |       |       |    12 ||    12
   Stab: Sleeping          |       |     4 |       ||     4
         Held in net/web   |       |     1 |       ||     1
         Distracted        |       |       |     1 ||     1
 Armour: Leather armour    |    71 |   106 |   185 ||   362
  Dodge: Dodged            |   120 |   109 |   302 ||   531

Table legend: (Time is in decaauts)
 A = Elapsed time spent in this place.
 B = Non-inter-level travel time spent in this place.
 C = Inter-level travel time spent in this place.
 D = Time resting spent in this place.
 E = Time spent auto-exploring this place.
 F = Levels seen in this place.
 G = Mean time per level.
                   A        B        C        D        E       F      G
               +--------+--------+--------+--------+--------+-----+--------+
         Total |   6175 |   6015 |    160 |    874 |   3587 |   6 | 1029.2 |
       Dungeon |   6175 |   6015 |    160 |    874 |   3587 |   6 | 1029.2 |
               +--------+--------+--------+--------+--------+-----+--------+

Top non-repeatable levels by time:
     D:5: 1939 daAuts
     D:4: 1421 daAuts
     D:2: 930 daAuts
     D:3: 904 daAuts
     D:1: 798 daAuts
     D:6: 182 daAuts
